[ AOE2 MATCH · #470672001 ]
Team RMJapanese vs Goths
[ REPLAY ANALYSIS · EXTRACTED FROM THE RECORDED GAME ]
Feudal
11:24
Castle
17:34
Imperial
37:11
| APM avg | 13.5 |
| APM peak | 43 |
| eAPM avg | 10.9 |
| Villagers / military | 66 / 89 |
Focus
⚔️ 38.3% · 🌾 61.7%
Samurai ×78 · Battering Ram ×10 · Monk ×1
Feudal
10:55
Castle
17:17
Imperial
—
| APM avg | 16.0 |
| APM peak | 38 |
| eAPM avg | 11.4 |
| Villagers / military | 54 / 112 |
Focus
⚔️ 43.6% · 🌾 56.4%
Militia ×82 · Battering Ram ×18 · Spearman ×11 · Monk ×1
Feudal
11:31
Castle
19:14
Imperial
—
| APM avg | 10.9 |
| APM peak | 47 |
| eAPM avg | 6.7 |
| Villagers / military | 64 / 0 |
Focus
⚔️ 8.3% · 🌾 91.7%
Feudal
12:52
Castle
20:49
Imperial
—
| APM avg | 21.7 |
| APM peak | 70 |
| eAPM avg | 10.7 |
| Villagers / military | 95 / 178 |
Focus
⚔️ 22.1% · 🌾 77.9%
Spearman ×88 · Magyar Huszar ×50 · Cavalry Archer ×35 · Knight ×5
Feudal
13:35
Castle
17:41
Imperial
33:30
| APM avg | 20.9 |
| APM peak | 42 |
| eAPM avg | 11.8 |
| Villagers / military | 86 / 14 |
Focus
⚔️ 14.8% · 🌾 85.2%
Arambai ×7 · Bombard Cannon ×3 · Mangonel ×2 · Battering Ram ×1 · Trebuchet (Packed) ×1
Feudal
12:10
Castle
23:40
Imperial
—
| APM avg | 13.8 |
| APM peak | 40 |
| eAPM avg | 6.7 |
| Villagers / military | 31 / 49 |
Focus
⚔️ 43.4% · 🌾 56.6%
Skirmisher ×30 · Militia ×10 · Spearman ×9
Feudal
10:24
Castle
24:07
Imperial
—
| APM avg | 14.3 |
| APM peak | 48 |
| eAPM avg | 9.6 |
| Villagers / military | 72 / 88 |
Focus
⚔️ 36.7% · 🌾 63.3%
Militia ×43 · Knight ×31 · Flemish Militia ×9 · Scout Cavalry ×5
Feudal
12:49
Castle
18:31
Imperial
—
| APM avg | 13.8 |
| APM peak | 34 |
| eAPM avg | 10.6 |
| Villagers / military | 136 / 40 |
Focus
⚔️ 19.0% · 🌾 81.0%
Hussite Wagon ×40
Match map
Resources at game start + every placement click. Thick line = wall · dashed box = detected house wall. 🟡 gold · ⚪ stone · 🟢 berries · 🔶 boar · ⭕ relic
Inputs per minute
— 07jriley - - Macolar
Build order — 07jriley
First 150 of 254 actions detected
| 0:13 | Build | House |
| 0:20 | Create | Villager (Male) |
| 0:20 | Create | Villager (Male) |
| 0:21 | Create | Villager (Male) |
| 0:21 | Create | Villager (Male) |
| 0:36 | Build | House |
| 0:54 | Build | House |
| 0:58 | Build | House |
| 2:03 | Build | Mill |
| 2:07 | Create | Villager (Male) |
| 2:48 | Create | Villager (Male) |
| 3:06 | Create | Villager (Male) |
| 3:36 | Create | Villager (Male) |
| 3:45 | Create | Villager (Male) |
| 4:23 | Create | Villager (Male) |
| 5:01 | Create | Villager (Male) |
| 5:02 | Create | Villager (Male) |
| 5:40 | Create | Villager (Male) |
| 6:21 | Create | Villager (Male) |
| 6:21 | Create | Villager (Male) |
| 7:04 | Create | Villager (Male) |
| 7:20 | Build | Lumber Camp |
| 7:59 | Create | Villager (Male) |
| 8:03 | Create | Villager (Male) |
| 8:29 | Build | Farm |
| 8:31 | Create | Villager (Male) |
| 8:54 | Build | Farm |
| 9:00 | Build | House |
| 9:03 | Build | House |
| 9:13 | Research | Feudal Age |
| 9:19 | Build | Farm |
| 10:09 | Build | House |
| 10:12 | Build | House |
| 11:24 | Age | Feudal Age |
| 11:26 | Build | House |
| 11:29 | Build | House |
| 11:31 | Create | Villager (Male) |
| 11:32 | Create | Villager (Male) |
| 11:32 | Create | Villager (Male) |
| 11:32 | Create | Villager (Male) |
| 11:47 | Build | Market |
| 12:05 | Build | Mining Camp |
| 12:11 | Build | Farm |
| 12:13 | Create | Villager (Male) |
| 12:24 | Build | House |
| 12:30 | Build | Farm |
| 12:52 | Build | Blacksmith |
| 13:01 | Build | Farm |
| 13:03 | Create | Villager (Male) |
| 13:15 | Build | Farm |
| 13:30 | Build | Mining Camp |
| 13:41 | Build | Farm |
| 13:59 | Create | Villager (Male) |
| 14:07 | Build | Farm |
| 14:29 | Create | Villager (Male) |
| 14:35 | Build | Farm |
| 14:54 | Research | Castle Age |
| 15:01 | Build | Farm |
| 15:12 | Research | Double-Bit Axe |
| 15:59 | Create | Villager (Male) |
| 15:59 | Create | Villager (Male) |
| 15:59 | Create | Villager (Male) |
| 16:00 | Create | Villager (Male) |
| 16:00 | Create | Villager (Male) |
| 16:50 | Build | Palisade Wall |
| 16:56 | Build | Palisade Gate |
| 17:34 | Age | Castle Age |
| 17:45 | Build | Town Center |
| 18:07 | Build | Farm |
| 18:42 | Build | Farm |
| 18:46 | Create | Villager (Male) |
| 18:52 | Create | Villager (Male) |
| 18:53 | Create | Villager (Male) |
| 18:59 | Research | Bow Saw |
| 19:26 | Research | Stone Mining |
| 19:36 | Build | Farm |
| 19:51 | Create | Villager (Male) |
| 19:51 | Create | Villager (Male) |
| 19:51 | Create | Villager (Male) |
| 20:19 | Research | Gold Mining |
| 20:26 | Create | Villager (Male) |
| 20:26 | Create | Villager (Male) |
| 20:37 | Create | Villager (Male) |
| 21:08 | Build | Farm |
| 21:11 | Create | Villager (Male) |
| 21:20 | Build | Farm |
| 21:44 | Create | Villager (Male) |
| 21:44 | Create | Villager (Male) |
| 21:50 | Research | Wheelbarrow |
| 21:56 | Build | Farm |
| 22:00 | Research | Gold Shaft Mining |
| 22:14 | Build | Farm |
| 22:17 | Create | Villager (Male) |
| 22:40 | Build | Monastery |
| 22:54 | Build | Mill |
| 23:14 | Build | Farm |
| 23:19 | Create | Villager (Male) |
| 23:20 | Create | Villager (Male) |
| 23:20 | Create | Villager (Male) |
| 23:27 | Create | Villager (Male) |
| 23:27 | Create | Villager (Male) |
| 23:33 | Create | Monk |
| 23:48 | Research | Fletching |
| 23:53 | Build | Farm |
| 23:55 | Create | Villager (Male) |
| 24:04 | Build | Farm |
| 24:07 | Research | Horse Collar |
| 24:24 | Build | Castle |
| 24:54 | Build | Farm |
| 25:04 | Research | Bodkin Arrow |
| 25:09 | Build | Farm |
| 25:28 | Build | University |
| 25:31 | Research | Hand Cart |
| 25:34 | Create | Villager (Male) |
| 25:34 | Create | Villager (Male) |
| 25:35 | Create | Villager (Male) |
| 25:35 | Create | Villager (Male) |
| 26:16 | Research | Treadmill Crane |
| 26:35 | Build | Barracks |
| 26:37 | Create | Samurai |
| 26:38 | Create | Samurai |
| 26:38 | Create | Samurai |
| 26:38 | Create | Samurai |
| 26:38 | Create | Samurai |
| 26:39 | Create | Samurai |
| 26:39 | Create | Samurai |
| 26:39 | Create | Samurai |
| 26:40 | Create | Samurai |
| 26:40 | Create | Samurai |
| 26:40 | Create | Samurai |
| 26:40 | Create | Samurai |
| 26:41 | Create | Samurai |
| 26:48 | Research | Forging |
| 26:56 | Create | Villager (Male) |
| 27:00 | Create | Villager (Male) |
| 27:06 | Research | Arson |
| 27:07 | Research | Squires |
| 27:12 | Build | Siege Workshop |
| 27:34 | Research | Masonry |
| 27:43 | Build | Watch Tower |
| 27:56 | Create | Battering Ram |
| 27:57 | Create | Battering Ram |
| 28:31 | Build | Farm |
| 28:33 | Research | Heavy Plow |
| 28:45 | Build | Watch Tower |
| 28:50 | Create | Battering Ram |
| 29:05 | Research | Town Watch |
| 29:08 | Research | Loom |
| 29:18 | Create | Samurai |
| 29:18 | Create | Samurai |
Build order — Macolar
First 150 of 213 actions detected
| 0:09 | Create | Villager (Male) |
| 0:09 | Create | Villager (Male) |
| 0:10 | Create | Villager (Male) |
| 0:10 | Create | Villager (Male) |
| 1:32 | Create | Villager (Male) |
| 1:49 | Create | Villager (Male) |
| 2:26 | Create | Villager (Male) |
| 2:46 | Create | Villager (Male) |
| 3:17 | Create | Villager (Male) |
| 3:46 | Create | Villager (Male) |
| 4:07 | Create | Villager (Male) |
| 4:25 | Create | Villager (Male) |
| 4:47 | Create | Villager (Male) |
| 4:47 | Create | Villager (Male) |
| 4:47 | Create | Villager (Male) |
| 5:11 | Create | Villager (Male) |
| 5:53 | Create | Villager (Male) |
| 7:25 | Build | Mill |
| 7:38 | Build | Lumber Camp |
| 8:45 | Research | Feudal Age |
| 9:10 | Build | Mining Camp |
| 9:52 | Build | Mill |
| 10:55 | Age | Feudal Age |
| 11:12 | Build | Market |
| 12:00 | Create | Villager (Male) |
| 12:00 | Create | Villager (Male) |
| 12:02 | Create | Villager (Male) |
| 12:03 | Create | Villager (Male) |
| 12:51 | Build | Blacksmith |
| 13:15 | Create | Villager (Male) |
| 13:16 | Create | Villager (Male) |
| 14:37 | Research | Castle Age |
| 14:43 | Build | Farm |
| 15:18 | Build | Barracks |
| 15:50 | Build | Stone Wall |
| 15:56 | Build | Building 490 |
| 16:09 | Build | Farm |
| 16:13 | Build | Farm |
| 16:19 | Create | Villager (Male) |
| 16:19 | Create | Villager (Male) |
| 16:36 | Research | Man-at-Arms (upgrade) |
| 16:57 | Build | Farm |
| 17:08 | Research | Horse Collar |
| 17:17 | Age | Castle Age |
| 17:37 | Build | Monastery |
| 17:51 | Create | Militia |
| 17:51 | Create | Militia |
| 18:00 | Build | Siege Workshop |
| 18:10 | Create | Militia |
| 18:38 | Create | Monk |
| 18:47 | Create | Villager (Male) |
| 18:47 | Create | Villager (Male) |
| 18:56 | Create | Battering Ram |
| 19:27 | Create | Militia |
| 19:28 | Create | Militia |
| 20:33 | Create | Battering Ram |
| 20:37 | Create | Militia |
| 20:37 | Create | Militia |
| 20:51 | Build | Farm |
| 20:52 | Build | Farm |
| 21:07 | Create | Militia |
| 21:49 | Create | Battering Ram |
| 21:53 | Create | Militia |
| 22:00 | Research | Scale Mail Armor |
| 22:34 | Create | Militia |
| 22:35 | Create | Militia |
| 22:35 | Create | Militia |
| 23:13 | Create | Militia |
| 23:14 | Create | Militia |
| 23:15 | Create | Militia |
| 23:16 | Create | Militia |
| 23:28 | Create | Villager (Male) |
| 23:28 | Create | Villager (Male) |
| 23:37 | Build | Farm |
| 23:38 | Build | Farm |
| 24:34 | Build | Farm |
| 24:37 | Build | Farm |
| 24:40 | Create | Villager (Male) |
| 24:40 | Create | Villager (Male) |
| 24:41 | Create | Villager (Male) |
| 24:41 | Create | Villager (Male) |
| 28:07 | Create | Battering Ram |
| 28:08 | Create | Battering Ram |
| 28:08 | Create | Battering Ram |
| 28:10 | Create | Militia |
| 28:11 | Create | Militia |
| 28:12 | Create | Militia |
| 28:13 | Create | Militia |
| 28:16 | Create | Militia |
| 28:18 | Create | Villager (Male) |
| 28:19 | Create | Villager (Male) |
| 28:19 | Create | Villager (Male) |
| 28:20 | Create | Villager (Male) |
| 28:28 | Build | Town Center |
| 28:36 | Build | Barracks |
| 28:40 | Build | Archery Range |
| 29:58 | Build | Lumber Camp |
| 30:03 | Research | Chain Mail Armor |
| 30:05 | Create | Villager (Male) |
| 30:06 | Create | Villager (Male) |
| 30:06 | Create | Villager (Male) |
| 30:07 | Create | Villager (Male) |
| 30:10 | Build | Farm |
| 30:15 | Build | Farm |
| 30:34 | Create | Villager (Male) |
| 30:34 | Create | Villager (Male) |
| 30:35 | Create | Villager (Male) |
| 30:35 | Create | Villager (Male) |
| 30:36 | Create | Villager (Male) |
| 30:40 | Create | Battering Ram |
| 30:44 | Create | Militia |
| 30:46 | Research | Long Swordsman (upgrade) |
| 30:47 | Create | Militia |
| 30:48 | Create | Militia |
| 32:08 | Build | Siege Workshop |
| 32:27 | Create | Militia |
| 32:27 | Create | Militia |
| 32:28 | Create | Militia |
| 32:29 | Create | Militia |
| 32:29 | Create | Militia |
| 32:31 | Create | Militia |
| 32:32 | Create | Militia |
| 32:32 | Create | Militia |
| 32:33 | Create | Militia |
| 32:33 | Create | Militia |
| 32:37 | Build | Barracks |
| 32:58 | Create | Battering Ram |
| 32:59 | Create | Battering Ram |
| 33:11 | Create | Battering Ram |
| 33:15 | Create | Militia |
| 33:16 | Create | Militia |
| 33:17 | Create | Militia |
| 33:17 | Create | Militia |
| 33:18 | Create | Militia |
| 33:18 | Create | Militia |
| 33:19 | Create | Militia |
| 33:20 | Create | Militia |
| 33:20 | Create | Militia |
| 33:20 | Create | Militia |
| 33:29 | Create | Villager (Male) |
| 33:42 | Build | Farm |
| 33:44 | Build | Farm |
| 33:48 | Create | Militia |
| 33:51 | Create | Militia |
| 34:00 | Create | Militia |
| 34:01 | Create | Militia |
| 34:01 | Create | Militia |
| 34:01 | Create | Militia |
| 34:01 | Create | Militia |
| 34:35 | Create | Militia |
Build order — Rad el Bárbaro
143 actions detected in the replay
| 0:02 | Create | Villager (Male) |
| 0:02 | Create | Villager (Male) |
| 0:03 | Create | Villager (Male) |
| 0:03 | Create | Villager (Male) |
| 0:05 | Build | House |
| 0:07 | Build | House |
| 1:33 | Create | Villager (Male) |
| 2:12 | Create | Villager (Male) |
| 2:13 | Create | Villager (Male) |
| 3:00 | Create | Villager (Male) |
| 3:00 | Create | Villager (Male) |
| 3:27 | Build | Mill |
| 3:30 | Create | Villager (Male) |
| 3:43 | Create | Villager (Male) |
| 3:50 | Build | House |
| 4:26 | Create | Villager (Male) |
| 5:06 | Create | Villager (Male) |
| 5:07 | Create | Villager (Male) |
| 5:42 | Build | Lumber Camp |
| 5:46 | Create | Villager (Male) |
| 6:29 | Create | Villager (Male) |
| 6:29 | Create | Villager (Male) |
| 6:46 | Build | House |
| 6:53 | Research | Loom |
| 6:53 | Create | Villager (Male) |
| 7:33 | Build | House |
| 7:37 | Create | Villager (Male) |
| 8:03 | Create | Villager (Male) |
| 8:04 | Create | Villager (Male) |
| 8:26 | Create | Villager (Male) |
| 9:06 | Research | Feudal Age |
| 9:18 | Build | Mining Camp |
| 9:23 | Build | House |
| 9:30 | Build | House |
| 9:31 | Build | House |
| 9:37 | Build | Barracks |
| 9:42 | Build | Palisade Gate |
| 10:49 | Create | Villager (Male) |
| 10:50 | Create | Villager (Male) |
| 10:50 | Create | Villager (Male) |
| 11:31 | Age | Feudal Age |
| 11:33 | Research | Double-Bit Axe |
| 11:49 | Research | Horse Collar |
| 11:55 | Build | Farm |
| 11:56 | Build | Farm |
| 11:56 | Build | Farm |
| 11:56 | Build | Farm |
| 11:57 | Build | Farm |
| 11:57 | Build | Farm |
| 11:57 | Build | Farm |
| 11:57 | Build | Farm |
| 12:01 | Create | Villager (Male) |
| 12:01 | Create | Villager (Male) |
| 13:10 | Build | Blacksmith |
| 13:16 | Build | Market |
| 13:41 | Build | Mining Camp |
| 13:42 | Create | Villager (Male) |
| 13:42 | Create | Villager (Male) |
| 13:49 | Build | Farm |
| 13:49 | Build | Farm |
| 13:59 | Build | Farm |
| 13:59 | Build | Farm |
| 13:59 | Build | Farm |
| 14:05 | Create | Villager (Male) |
| 14:16 | Build | Farm |
| 14:16 | Build | Farm |
| 14:17 | Build | Farm |
| 14:19 | Build | Farm |
| 14:19 | Build | Farm |
| 14:21 | Build | Farm |
| 14:21 | Build | Farm |
| 14:24 | Build | Farm |
| 14:24 | Build | Farm |
| 15:05 | Build | Farm |
| 15:08 | Build | Farm |
| 15:09 | Build | Farm |
| 15:11 | Build | Farm |
| 15:19 | Create | Villager (Male) |
| 15:20 | Create | Villager (Male) |
| 16:02 | Create | Villager (Male) |
| 16:25 | Research | Castle Age |
| 16:45 | Build | Farm |
| 16:51 | Build | Farm |
| 16:55 | Build | Farm |
| 18:09 | Create | Villager (Male) |
| 18:10 | Create | Villager (Male) |
| 19:01 | Create | Villager (Male) |
| 19:01 | Create | Villager (Male) |
| 19:14 | Age | Castle Age |
| 19:21 | Create | Villager (Male) |
| 19:21 | Create | Villager (Male) |
| 19:33 | Build | Town Center |
| 20:03 | Build | Town Center |
| 20:17 | Research | Squires |
| 20:52 | Build | Farm |
| 20:57 | Build | Farm |
| 21:00 | Build | Farm |
| 21:04 | Build | Farm |
| 21:14 | Build | University |
| 21:19 | Create | Villager (Male) |
| 21:19 | Create | Villager (Male) |
| 21:19 | Create | Villager (Male) |
| 21:19 | Create | Villager (Male) |
| 21:26 | Research | Bow Saw |
| 21:30 | Research | Heavy Plow |
| 21:34 | Create | Villager (Male) |
| 21:34 | Create | Villager (Male) |
| 21:34 | Create | Villager (Male) |
| 21:34 | Create | Villager (Male) |
| 21:46 | Create | Villager (Male) |
| 21:47 | Create | Villager (Male) |
| 22:10 | Research | Stone Mining |
| 22:12 | Create | Villager (Male) |
| 22:13 | Create | Villager (Male) |
| 22:13 | Create | Villager (Male) |
| 22:13 | Create | Villager (Male) |
| 22:36 | Research | Forging |
| 22:37 | Research | Scale Mail Armor |
| 23:01 | Create | Villager (Male) |
| 23:04 | Create | Villager (Male) |
| 23:05 | Create | Villager (Male) |
| 23:18 | Research | Stone Shaft Mining |
| 23:21 | Create | Villager (Male) |
| 24:09 | Build | House |
| 24:13 | Build | House |
| 24:15 | Build | House |
| 24:18 | Build | House |
| 24:36 | Build | Siege Workshop |
| 24:45 | Build | Palisade Wall |
| 25:02 | Build | Castle |
| 25:19 | Build | Palisade Wall |
| 25:29 | Build | Palisade Wall |
| 25:43 | Research | Ballistics |
| 25:52 | Build | Barracks |
| 26:39 | Create | Villager (Male) |
| 26:40 | Create | Villager (Male) |
| 26:40 | Create | Villager (Male) |
| 26:41 | Create | Villager (Male) |
| 26:45 | Create | Villager (Male) |
| 26:46 | Create | Villager (Male) |
| 26:46 | Create | Villager (Male) |
| 27:23 | Build | Barracks |
| 28:07 | Build | Monastery |
Build order — Ruli
First 150 of 253 actions detected
| 0:07 | Build | House |
| 0:08 | Build | House |
| 0:08 | Build | House |
| 0:11 | Create | Villager (Male) |
| 0:11 | Create | Villager (Male) |
| 0:11 | Create | Villager (Male) |
| 0:12 | Create | Villager (Male) |
| 0:12 | Create | Villager (Male) |
| 1:47 | Create | Villager (Male) |
| 2:17 | Create | Villager (Male) |
| 2:34 | Create | Villager (Male) |
| 2:35 | Create | Villager (Male) |
| 3:08 | Create | Villager (Male) |
| 3:09 | Create | Villager (Male) |
| 3:53 | Create | Villager (Male) |
| 3:53 | Create | Villager (Male) |
| 3:53 | Create | Villager (Male) |
| 4:31 | Create | Villager (Male) |
| 4:31 | Create | Villager (Male) |
| 4:31 | Create | Villager (Male) |
| 4:40 | Create | Villager (Male) |
| 5:11 | Create | Villager (Male) |
| 5:29 | Create | Villager (Male) |
| 5:30 | Create | Villager (Male) |
| 6:22 | Build | House |
| 6:23 | Build | House |
| 6:24 | Build | House |
| 6:29 | Build | House |
| 6:29 | Build | House |
| 7:07 | Create | Villager (Male) |
| 7:07 | Create | Villager (Male) |
| 7:07 | Create | Villager (Male) |
| 7:08 | Create | Villager (Male) |
| 7:25 | Create | Villager (Male) |
| 7:26 | Create | Villager (Male) |
| 7:26 | Create | Villager (Male) |
| 7:59 | Create | Villager (Male) |
| 8:19 | Build | Mill |
| 9:03 | Build | Lumber Camp |
| 9:55 | Research | Feudal Age |
| 11:04 | Create | Villager (Male) |
| 11:05 | Create | Villager (Male) |
| 11:05 | Create | Villager (Male) |
| 11:06 | Create | Villager (Male) |
| 11:06 | Create | Villager (Male) |
| 11:06 | Create | Villager (Male) |
| 11:26 | Build | Mining Camp |
| 11:33 | Create | Villager (Male) |
| 11:33 | Create | Villager (Male) |
| 11:33 | Create | Villager (Male) |
| 12:52 | Age | Feudal Age |
| 12:59 | Build | Stone Wall |
| 13:09 | Build | Stone Wall |
| 13:13 | Create | Villager (Male) |
| 13:13 | Create | Villager (Male) |
| 13:24 | Build | Farm |
| 13:30 | Build | Farm |
| 13:36 | Build | Farm |
| 13:43 | Create | Villager (Male) |
| 13:53 | Build | Farm |
| 14:00 | Build | Farm |
| 14:43 | Build | Farm |
| 14:44 | Build | Farm |
| 14:45 | Build | Farm |
| 14:46 | Build | Farm |
| 14:46 | Build | Farm |
| 14:59 | Build | Market |
| 15:16 | Research | Double-Bit Axe |
| 15:37 | Research | Horse Collar |
| 16:17 | Build | Blacksmith |
| 17:18 | Build | Farm |
| 17:19 | Build | Farm |
| 17:20 | Build | Farm |
| 17:20 | Build | Farm |
| 17:33 | Build | Farm |
| 17:39 | Build | House |
| 17:40 | Build | House |
| 17:41 | Build | House |
| 17:42 | Build | House |
| 17:43 | Build | House |
| 18:04 | Build | House |
| 18:06 | Build | House |
| 18:09 | Research | Castle Age |
| 18:29 | Build | House |
| 18:30 | Build | House |
| 18:31 | Build | House |
| 19:06 | Build | Mining Camp |
| 19:31 | Build | Building 487 |
| 19:41 | Research | Stone Mining |
| 19:42 | Research | Gold Mining |
| 20:02 | Research | Gold Mining |
| 20:10 | Create | Villager (Male) |
| 20:10 | Create | Villager (Male) |
| 20:11 | Create | Villager (Male) |
| 20:11 | Create | Villager (Male) |
| 20:12 | Create | Villager (Male) |
| 20:12 | Create | Villager (Male) |
| 20:47 | Create | Villager (Male) |
| 20:47 | Create | Villager (Male) |
| 20:49 | Age | Castle Age |
| 20:53 | Build | Town Center |
| 21:05 | Build | Town Center |
| 21:26 | Build | Town Center |
| 21:43 | Create | Villager (Male) |
| 21:43 | Create | Villager (Male) |
| 21:43 | Create | Villager (Male) |
| 21:44 | Create | Villager (Male) |
| 21:44 | Create | Villager (Male) |
| 21:44 | Create | Villager (Male) |
| 21:53 | Create | Villager (Male) |
| 21:53 | Create | Villager (Male) |
| 22:15 | Create | Villager (Male) |
| 22:15 | Create | Villager (Male) |
| 22:19 | Create | Villager (Male) |
| 22:28 | Create | Villager (Male) |
| 22:28 | Create | Villager (Male) |
| 22:31 | Create | Villager (Male) |
| 22:31 | Create | Villager (Male) |
| 22:56 | Create | Villager (Male) |
| 22:56 | Create | Villager (Male) |
| 23:05 | Create | Villager (Male) |
| 23:05 | Create | Villager (Male) |
| 23:22 | Research | Wheelbarrow |
| 23:50 | Build | Barracks |
| 23:57 | Create | Villager (Male) |
| 23:57 | Create | Villager (Male) |
| 23:57 | Create | Villager (Male) |
| 23:58 | Create | Villager (Male) |
| 24:06 | Build | Farm |
| 24:07 | Build | Farm |
| 24:07 | Build | Farm |
| 24:08 | Build | Farm |
| 24:09 | Build | Farm |
| 24:32 | Build | House |
| 24:33 | Build | House |
| 24:34 | Build | House |
| 24:46 | Build | Stable |
| 24:47 | Build | Stable |
| 25:11 | Create | Villager (Male) |
| 25:11 | Create | Villager (Male) |
| 25:11 | Create | Villager (Male) |
| 25:12 | Create | Villager (Male) |
| 25:12 | Create | Villager (Male) |
| 25:12 | Create | Villager (Male) |
| 25:12 | Create | Villager (Male) |
| 25:13 | Create | Villager (Male) |
| 25:41 | Build | Stable |
| 26:13 | Build | Archery Range |
| 26:14 | Build | Archery Range |
| 26:23 | Create | Villager (Male) |
Build order — Cowabunga please
First 150 of 213 actions detected
| 0:02 | Create | Villager (Male) |
| 0:04 | Build | House |
| 0:06 | Build | House |
| 0:16 | Create | Villager (Male) |
| 0:16 | Create | Villager (Male) |
| 0:17 | Create | Villager (Male) |
| 0:17 | Create | Villager (Male) |
| 1:38 | Create | Villager (Male) |
| 2:23 | Create | Villager (Male) |
| 2:31 | Create | Villager (Male) |
| 2:31 | Create | Villager (Male) |
| 3:13 | Create | Villager (Male) |
| 4:11 | Create | Villager (Male) |
| 4:33 | Build | House |
| 4:45 | Create | Villager (Male) |
| 4:45 | Create | Villager (Male) |
| 4:49 | Build | Mill |
| 5:08 | Build | House |
| 5:44 | Create | Villager (Male) |
| 5:52 | Build | House |
| 6:12 | Create | Villager (Male) |
| 6:16 | Create | Villager (Male) |
| 6:23 | Build | House |
| 6:45 | Create | Villager (Male) |
| 6:57 | Build | House |
| 7:07 | Create | Villager (Male) |
| 7:20 | Build | Palisade Wall |
| 7:28 | Build | Palisade Gate |
| 7:33 | Create | Villager (Male) |
| 7:36 | Build | Lumber Camp |
| 8:18 | Build | House |
| 8:22 | Create | Villager (Male) |
| 8:36 | Create | Villager (Male) |
| 8:55 | Create | Villager (Male) |
| 9:28 | Create | Villager (Male) |
| 9:36 | Build | Mining Camp |
| 9:41 | Create | Villager (Male) |
| 10:27 | Create | Villager (Male) |
| 10:57 | Build | Farm |
| 11:00 | Create | Villager (Male) |
| 11:06 | Research | Feudal Age |
| 12:16 | Build | Farm |
| 12:17 | Build | Farm |
| 12:29 | Build | Mining Camp |
| 12:52 | Create | Villager (Male) |
| 12:52 | Create | Villager (Male) |
| 12:54 | Research | Loom |
| 13:35 | Age | Feudal Age |
| 13:42 | Build | Blacksmith |
| 13:55 | Build | Market |
| 15:01 | Research | Castle Age |
| 15:31 | Research | Horse Collar |
| 15:36 | Create | Villager (Male) |
| 16:16 | Create | Villager (Male) |
| 17:11 | Build | Barracks |
| 17:18 | Build | Farm |
| 17:41 | Age | Castle Age |
| 18:31 | Build | Castle |
| 18:37 | Create | Villager (Male) |
| 18:38 | Create | Villager (Male) |
| 18:54 | Build | Palisade Wall |
| 19:00 | Build | Palisade Wall |
| 19:01 | Build | Palisade Wall |
| 19:11 | Build | Palisade Wall |
| 19:24 | Research | Fletching |
| 19:28 | Create | Villager (Male) |
| 19:30 | Build | Farm |
| 19:39 | Build | Farm |
| 19:59 | Create | Villager (Male) |
| 20:01 | Build | Farm |
| 20:21 | Build | Mining Camp |
| 20:33 | Create | Arambai |
| 20:33 | Create | Arambai |
| 20:33 | Create | Arambai |
| 20:38 | Build | Farm |
| 20:40 | Create | Villager (Male) |
| 20:40 | Create | Villager (Male) |
| 20:48 | Build | Stable |
| 21:03 | Create | Arambai |
| 21:27 | Build | Siege Workshop |
| 22:18 | Create | Mangonel |
| 22:21 | Create | Villager (Male) |
| 22:21 | Create | Villager (Male) |
| 22:33 | Build | Town Center |
| 22:41 | Create | Arambai |
| 23:02 | Research | Bloodlines |
| 23:05 | Build | Farm |
| 23:08 | Create | Villager (Male) |
| 23:15 | Build | Farm |
| 23:34 | Create | Battering Ram |
| 24:25 | Build | Farm |
| 24:26 | Create | Villager (Male) |
| 24:26 | Create | Villager (Male) |
| 24:29 | Create | Villager (Male) |
| 24:29 | Create | Villager (Male) |
| 25:05 | Create | Villager (Male) |
| 25:05 | Create | Villager (Male) |
| 25:08 | Build | Farm |
| 25:35 | Create | Arambai |
| 25:35 | Create | Arambai |
| 26:46 | Create | Mangonel |
| 27:19 | Build | Farm |
| 27:23 | Build | Farm |
| 27:25 | Create | Villager (Male) |
| 27:25 | Create | Villager (Male) |
| 27:31 | Create | Villager (Male) |
| 27:31 | Create | Villager (Male) |
| 28:52 | Create | Villager (Male) |
| 28:52 | Create | Villager (Male) |
| 28:55 | Build | Farm |
| 28:59 | Build | Farm |
| 30:20 | Research | Imperial Age |
| 30:23 | Research | Wheelbarrow |
| 30:30 | Build | Farm |
| 30:34 | Build | Lumber Camp |
| 30:47 | Research | Gold Mining |
| 30:53 | Research | Heavy Plow |
| 31:11 | Build | Town Center |
| 31:16 | Create | Villager (Male) |
| 31:16 | Create | Villager (Male) |
| 32:31 | Create | Villager (Male) |
| 32:41 | Research | Stone Mining |
| 32:59 | Create | Villager (Male) |
| 32:59 | Create | Villager (Male) |
| 33:30 | Age | Imperial Age |
| 33:35 | Build | University |
| 33:40 | Build | Farm |
| 33:43 | Build | Farm |
| 33:52 | Create | Villager (Male) |
| 33:53 | Create | Villager (Male) |
| 33:53 | Create | Villager (Male) |
| 34:24 | Build | House |
| 34:24 | Build | House |
| 34:25 | Build | House |
| 34:26 | Build | House |
| 34:34 | Research | Squires |
| 34:40 | Build | Farm |
| 34:40 | Build | Farm |
| 34:42 | Build | Farm |
| 34:42 | Build | Mill |
| 34:47 | Create | Villager (Male) |
| 34:47 | Create | Villager (Male) |
| 34:47 | Create | Villager (Male) |
| 35:07 | Research | Chemistry |
| 35:14 | Create | Villager (Male) |
| 35:15 | Create | Villager (Male) |
| 35:15 | Create | Villager (Male) |
| 35:43 | Create | Villager (Male) |
| 35:44 | Create | Villager (Male) |
| 35:44 | Research | Town Watch |
Build order — paingerman
124 actions detected in the replay
| 0:04 | Research | Loom |
| 0:05 | Create | Villager (Male) |
| 0:05 | Create | Villager (Male) |
| 0:05 | Create | Villager (Male) |
| 0:05 | Create | Villager (Male) |
| 0:06 | Create | Villager (Male) |
| 0:55 | Build | House |
| 1:12 | Build | House |
| 2:45 | Create | Villager (Male) |
| 2:45 | Create | Villager (Male) |
| 3:31 | Create | Villager (Male) |
| 3:31 | Create | Villager (Male) |
| 3:32 | Create | Villager (Male) |
| 3:54 | Create | Villager (Male) |
| 3:54 | Create | Villager (Male) |
| 4:37 | Build | Palisade Wall |
| 5:01 | Build | Building 796 |
| 5:31 | Create | Villager (Male) |
| 5:32 | Create | Villager (Male) |
| 5:32 | Create | Villager (Male) |
| 5:32 | Create | Villager (Male) |
| 5:32 | Create | Villager (Male) |
| 5:33 | Create | Villager (Male) |
| 5:47 | Build | Building 796 |
| 6:07 | Build | Mill |
| 6:12 | Create | Villager (Male) |
| 6:13 | Create | Villager (Male) |
| 6:13 | Create | Villager (Male) |
| 7:43 | Build | House |
| 7:45 | Build | House |
| 8:36 | Build | Lumber Camp |
| 9:02 | Create | Villager (Male) |
| 9:57 | Research | Feudal Age |
| 10:38 | Build | Farm |
| 10:39 | Build | Farm |
| 10:39 | Build | Farm |
| 11:02 | Build | Farm |
| 11:28 | Build | Farm |
| 11:37 | Create | Villager (Male) |
| 11:37 | Create | Villager (Male) |
| 11:42 | Create | Villager (Male) |
| 12:10 | Age | Feudal Age |
| 12:21 | Build | Farm |
| 13:15 | Build | House |
| 13:16 | Build | House |
| 13:24 | Build | House |
| 13:55 | Research | Double-Bit Axe |
| 14:22 | Create | Villager (Male) |
| 14:22 | Create | Villager (Male) |
| 14:23 | Create | Villager (Male) |
| 14:23 | Create | Villager (Male) |
| 14:24 | Create | Villager (Male) |
| 14:25 | Create | Villager (Male) |
| 14:37 | Build | House |
| 15:12 | Research | Wheelbarrow |
| 16:14 | Build | Lumber Camp |
| 16:48 | Research | Horse Collar |
| 17:38 | Build | Blacksmith |
| 18:24 | Build | Barracks |
| 19:41 | Build | Market |
| 20:15 | Build | Watch Tower |
| 20:28 | Build | Farm |
| 20:29 | Build | Farm |
| 20:30 | Build | Farm |
| 20:31 | Build | Farm |
| 20:32 | Build | Farm |
| 20:50 | Research | Man-at-Arms (upgrade) |
| 20:53 | Create | Militia |
| 20:53 | Create | Militia |
| 20:54 | Create | Militia |
| 20:54 | Create | Militia |
| 20:54 | Create | Militia |
| 20:55 | Create | Militia |
| 21:00 | Research | Castle Age |
| 21:04 | Create | Militia |
| 21:04 | Create | Militia |
| 21:04 | Create | Militia |
| 21:07 | Create | Spearman |
| 21:07 | Create | Spearman |
| 21:08 | Create | Spearman |
| 21:08 | Create | Spearman |
| 21:08 | Create | Spearman |
| 21:08 | Create | Spearman |
| 21:09 | Create | Spearman |
| 21:09 | Create | Spearman |
| 21:27 | Build | Palisade Wall |
| 21:30 | Build | Palisade Wall |
| 21:31 | Build | Palisade Wall |
| 22:52 | Build | Archery Range |
| 23:40 | Age | Castle Age |
| 23:59 | Create | Skirmisher |
| 23:59 | Create | Skirmisher |
| 23:59 | Create | Skirmisher |
| 23:59 | Create | Skirmisher |
| 24:00 | Create | Skirmisher |
| 24:00 | Create | Skirmisher |
| 24:00 | Create | Skirmisher |
| 24:01 | Create | Skirmisher |
| 24:01 | Create | Skirmisher |
| 24:01 | Create | Skirmisher |
| 24:01 | Create | Skirmisher |
| 24:02 | Create | Skirmisher |
| 24:02 | Create | Skirmisher |
| 24:02 | Create | Skirmisher |
| 24:03 | Create | Skirmisher |
| 24:12 | Create | Militia |
| 24:13 | Create | Spearman |
| 25:34 | Research | Padded Archer Armor |
| 25:37 | Create | Skirmisher |
| 25:38 | Create | Skirmisher |
| 25:38 | Create | Skirmisher |
| 25:38 | Create | Skirmisher |
| 27:24 | Build | Mining Camp |
| 27:39 | Create | Skirmisher |
| 27:39 | Create | Skirmisher |
| 27:40 | Create | Skirmisher |
| 27:40 | Create | Skirmisher |
| 27:40 | Create | Skirmisher |
| 30:14 | Create | Skirmisher |
| 30:14 | Create | Skirmisher |
| 30:15 | Create | Skirmisher |
| 30:15 | Create | Skirmisher |
| 30:15 | Create | Skirmisher |
| 30:15 | Create | Skirmisher |
Build order — MrYukYuk
First 150 of 269 actions detected
| 0:04 | Build | House |
| 0:09 | Create | Villager (Male) |
| 0:09 | Create | Villager (Male) |
| 0:10 | Create | Villager (Male) |
| 0:10 | Create | Villager (Male) |
| 0:26 | Build | House |
| 1:41 | Create | Villager (Male) |
| 1:58 | Create | Villager (Male) |
| 2:21 | Create | Villager (Male) |
| 2:49 | Build | House |
| 2:59 | Build | Palisade Wall |
| 3:03 | Build | Building 796 |
| 3:10 | Create | Villager (Male) |
| 3:45 | Create | Villager (Male) |
| 3:47 | Create | Villager (Male) |
| 4:17 | Build | Mill |
| 4:22 | Create | Villager (Male) |
| 4:24 | Create | Villager (Male) |
| 4:36 | Build | House |
| 4:44 | Create | Villager (Male) |
| 5:35 | Build | Outpost |
| 5:41 | Create | Villager (Male) |
| 5:42 | Create | Villager (Male) |
| 6:33 | Research | Loom |
| 6:54 | Create | Villager (Male) |
| 7:05 | Build | Lumber Camp |
| 7:34 | Create | Villager (Male) |
| 7:55 | Create | Villager (Male) |
| 8:14 | Research | Feudal Age |
| 8:54 | Create | Villager (Male) |
| 8:55 | Create | Villager (Male) |
| 9:09 | Build | House |
| 9:13 | Build | Palisade Wall |
| 9:16 | Build | House |
| 9:29 | Research | Horse Collar |
| 9:50 | Research | Double-Bit Axe |
| 10:24 | Age | Feudal Age |
| 10:30 | Create | Villager (Male) |
| 11:01 | Create | Villager (Male) |
| 11:08 | Research | Bow Saw |
| 11:23 | Create | Villager (Male) |
| 11:50 | Build | Barracks |
| 11:59 | Create | Villager (Male) |
| 12:01 | Create | Villager (Male) |
| 12:49 | Build | Stable |
| 13:13 | Build | House |
| 13:17 | Build | House |
| 13:22 | Create | Scout Cavalry |
| 13:23 | Create | Scout Cavalry |
| 13:30 | Build | Blacksmith |
| 13:34 | Create | Villager (Male) |
| 13:35 | Create | Villager (Male) |
| 13:35 | Create | Villager (Male) |
| 13:36 | Create | Villager (Male) |
| 13:47 | Build | Farm |
| 13:51 | Build | Farm |
| 13:59 | Build | Farm |
| 14:07 | Create | Scout Cavalry |
| 14:21 | Build | Farm |
| 14:23 | Build | Farm |
| 14:25 | Create | Scout Cavalry |
| 14:32 | Build | Farm |
| 14:37 | Build | Farm |
| 14:58 | Build | Farm |
| 15:04 | Research | Forging |
| 15:26 | Build | Farm |
| 15:36 | Build | Farm |
| 15:39 | Create | Villager (Male) |
| 15:40 | Create | Villager (Male) |
| 16:09 | Create | Villager (Male) |
| 16:16 | Build | Mill |
| 16:18 | Build | Farm |
| 16:19 | Build | Farm |
| 16:20 | Build | Farm |
| 16:34 | Research | Scale Barding Armor |
| 16:42 | Build | Mining Camp |
| 16:49 | Create | Villager (Male) |
| 17:18 | Create | Villager (Male) |
| 17:18 | Create | Villager (Male) |
| 18:24 | Create | Villager (Male) |
| 18:25 | Create | Villager (Male) |
| 18:25 | Create | Villager (Male) |
| 18:25 | Create | Villager (Male) |
| 19:05 | Create | Villager (Male) |
| 19:11 | Build | House |
| 19:12 | Build | House |
| 20:03 | Build | Farm |
| 20:04 | Build | Farm |
| 20:06 | Build | Farm |
| 20:07 | Build | Farm |
| 20:19 | Build | Farm |
| 20:23 | Build | Farm |
| 20:28 | Build | Farm |
| 20:32 | Create | Villager (Male) |
| 20:53 | Build | Farm |
| 20:58 | Create | Villager (Male) |
| 21:12 | Build | Market |
| 21:20 | Create | Villager (Male) |
| 21:27 | Research | Castle Age |
| 21:35 | Build | Mining Camp |
| 21:43 | Research | Gold Mining |
| 22:30 | Build | Stone Wall |
| 22:37 | Build | Building 490 |
| 23:03 | Research | Heavy Plow |
| 23:09 | Research | Wheelbarrow |
| 23:45 | Build | Lumber Camp |
| 23:50 | Build | Lumber Camp |
| 24:07 | Age | Castle Age |
| 24:28 | Create | Knight |
| 24:30 | Create | Knight |
| 24:31 | Create | Knight |
| 24:41 | Build | Stable |
| 24:42 | Research | Iron Casting |
| 25:00 | Research | Chain Barding Armor |
| 25:05 | Create | Villager (Male) |
| 25:06 | Create | Villager (Male) |
| 25:06 | Create | Villager (Male) |
| 25:13 | Build | Town Center |
| 25:32 | Create | Villager (Male) |
| 25:40 | Build | House |
| 25:42 | Build | House |
| 26:02 | Create | Knight |
| 26:02 | Create | Knight |
| 26:03 | Create | Knight |
| 26:05 | Build | Stable |
| 26:09 | Create | Villager (Male) |
| 26:12 | Create | Scout Cavalry |
| 26:14 | Create | Knight |
| 26:15 | Create | Knight |
| 26:31 | Create | Knight |
| 26:33 | Create | Knight |
| 26:47 | Research | Cavalier (upgrade) |
| 26:47 | Research | Husbandry |
| 27:09 | Create | Knight |
| 27:11 | Create | Knight |
| 27:11 | Create | Knight |
| 29:04 | Create | Knight |
| 29:04 | Create | Knight |
| 29:04 | Create | Knight |
| 29:05 | Create | Knight |
| 29:08 | Create | Knight |
| 29:08 | Create | Knight |
| 29:22 | Create | Knight |
| 29:23 | Create | Knight |
| 30:05 | Build | House |
| 30:06 | Build | House |
| 30:08 | Create | Villager (Male) |
| 30:08 | Create | Villager (Male) |
| 30:08 | Create | Villager (Male) |
| 30:11 | Build | Farm |
Build order — SupremeSEITAN
First 150 of 269 actions detected
| 0:02 | Create | Villager (Male) |
| 0:03 | Create | Villager (Male) |
| 0:03 | Create | Villager (Male) |
| 0:03 | Create | Villager (Male) |
| 0:03 | Create | Villager (Male) |
| 0:05 | Build | House |
| 0:07 | Build | House |
| 1:56 | Create | Villager (Male) |
| 1:56 | Create | Villager (Male) |
| 1:56 | Create | Villager (Male) |
| 2:23 | Create | Villager (Male) |
| 2:23 | Create | Villager (Male) |
| 4:24 | Create | Villager (Male) |
| 4:24 | Create | Villager (Male) |
| 4:24 | Create | Villager (Male) |
| 4:24 | Create | Villager (Male) |
| 4:25 | Create | Villager (Male) |
| 4:25 | Create | Villager (Male) |
| 4:25 | Create | Villager (Male) |
| 4:25 | Create | Villager (Male) |
| 4:25 | Create | Villager (Male) |
| 4:25 | Create | Villager (Male) |
| 4:58 | Build | Lumber Camp |
| 5:42 | Build | House |
| 6:06 | Build | House |
| 6:14 | Create | Villager (Male) |
| 6:15 | Create | Villager (Male) |
| 6:15 | Create | Villager (Male) |
| 6:15 | Create | Villager (Male) |
| 6:15 | Create | Villager (Male) |
| 7:09 | Create | Villager (Male) |
| 7:09 | Create | Villager (Male) |
| 7:42 | Build | Mill |
| 8:24 | Create | Villager (Male) |
| 8:25 | Create | Villager (Male) |
| 9:38 | Research | Feudal Age |
| 10:54 | Build | Farm |
| 10:55 | Build | Farm |
| 10:55 | Build | Farm |
| 10:55 | Build | Farm |
| 12:03 | Create | Villager (Male) |
| 12:04 | Create | Villager (Male) |
| 12:04 | Create | Villager (Male) |
| 12:49 | Age | Feudal Age |
| 12:55 | Build | House |
| 13:21 | Create | Villager (Male) |
| 13:22 | Create | Villager (Male) |
| 13:22 | Create | Villager (Male) |
| 13:34 | Build | Blacksmith |
| 13:42 | Build | Market |
| 13:46 | Build | House |
| 13:57 | Build | Mining Camp |
| 14:06 | Create | Villager (Male) |
| 14:10 | Research | Double-Bit Axe |
| 14:14 | Research | Wheelbarrow |
| 14:20 | Research | Wheelbarrow |
| 14:50 | Create | Villager (Male) |
| 15:15 | Research | Castle Age |
| 15:21 | Build | Mining Camp |
| 15:46 | Build | House |
| 15:50 | Build | House |
| 15:52 | Build | House |
| 15:53 | Build | House |
| 15:54 | Build | House |
| 15:57 | Build | House |
| 16:12 | Create | Villager (Male) |
| 16:13 | Create | Villager (Male) |
| 16:13 | Create | Villager (Male) |
| 16:13 | Create | Villager (Male) |
| 16:13 | Create | Villager (Male) |
| 17:03 | Build | House |
| 17:05 | Build | House |
| 17:06 | Build | House |
| 17:16 | Build | House |
| 17:19 | Build | House |
| 17:24 | Build | House |
| 17:26 | Build | House |
| 18:31 | Age | Castle Age |
| 18:42 | Create | Villager (Male) |
| 18:42 | Create | Villager (Male) |
| 18:42 | Create | Villager (Male) |
| 18:42 | Create | Villager (Male) |
| 18:42 | Create | Villager (Male) |
| 18:43 | Create | Villager (Male) |
| 19:35 | Build | University |
| 19:50 | Research | Horse Collar |
| 19:50 | Research | Horse Collar |
| 19:53 | Build | Farm |
| 20:11 | Build | Lumber Camp |
| 20:32 | Build | Farm |
| 20:42 | Build | Farm |
| 21:05 | Create | Villager (Male) |
| 21:24 | Build | Castle |
| 21:31 | Build | Mining Camp |
| 21:39 | Create | Villager (Male) |
| 21:54 | Build | Farm |
| 21:59 | Create | Villager (Male) |
| 22:00 | Create | Villager (Male) |
| 22:04 | Research | Loom |
| 22:09 | Create | Villager (Male) |
| 22:09 | Create | Villager (Male) |
| 22:18 | Create | Villager (Male) |
| 22:18 | Create | Villager (Male) |
| 22:19 | Create | Villager (Male) |
| 22:19 | Create | Villager (Male) |
| 22:50 | Build | Farm |
| 22:51 | Create | Villager (Male) |
| 23:08 | Build | Building 490 |
| 23:18 | Build | Farm |
| 23:35 | Research | Ballistics |
| 23:44 | Research | Heavy Plow |
| 24:15 | Build | Farm |
| 24:15 | Build | Farm |
| 24:40 | Build | Town Center |
| 24:47 | Create | Villager (Male) |
| 24:47 | Create | Villager (Male) |
| 24:47 | Create | Villager (Male) |
| 24:47 | Create | Villager (Male) |
| 24:48 | Create | Villager (Male) |
| 25:18 | Create | Villager (Male) |
| 25:52 | Research | Bow Saw |
| 25:52 | Research | Bow Saw |
| 25:59 | Create | Villager (Male) |
| 26:09 | Create | Hussite Wagon |
| 26:09 | Create | Hussite Wagon |
| 26:09 | Create | Hussite Wagon |
| 26:14 | Create | Villager (Male) |
| 26:14 | Create | Villager (Male) |
| 26:14 | Create | Villager (Male) |
| 26:39 | Build | Farm |
| 26:40 | Build | Farm |
| 26:40 | Build | Farm |
| 26:44 | Create | Villager (Male) |
| 26:44 | Create | Villager (Male) |
| 26:44 | Create | Villager (Male) |
| 26:58 | Create | Villager (Male) |
| 26:59 | Create | Villager (Male) |
| 27:15 | Build | Farm |
| 27:16 | Build | Farm |
| 27:16 | Build | Farm |
| 27:22 | Create | Hussite Wagon |
| 27:22 | Create | Hussite Wagon |
| 27:37 | Create | Hussite Wagon |
| 27:58 | Create | Villager (Male) |
| 27:58 | Create | Villager (Male) |
| 27:59 | Create | Villager (Male) |
| 27:59 | Create | Villager (Male) |
| 27:59 | Create | Villager (Male) |
| 27:59 | Create | Villager (Male) |
| 28:27 | Create | Villager (Male) |
Match timeline
| 2:59 | MrYukYuk · wall_segment Palisade Wall x14 |
| 4:37 | paingerman · wall_segment Palisade Wall x16 |
| 7:20 | Cowabunga please · wall_segment Palisade Wall x5 |
| 9:13 | MrYukYuk · wall_segment Palisade Wall x1 |
| 9:37 | Rad el Bárbaro · first_building Barracks |
| 10:24 | MrYukYuk · age_up feudal |
| 10:55 | Macolar · age_up feudal |
| 11:24 | 07jriley · age_up feudal |
| 11:31 | Rad el Bárbaro · age_up feudal |
| 11:50 | MrYukYuk · first_building Barracks |
| 12:10 | paingerman · age_up feudal |
| 12:49 | MrYukYuk · first_building Stable |
| 12:49 | SupremeSEITAN · age_up feudal |
| 12:52 | Ruli · age_up feudal |
| 12:59 | Ruli · wall_segment Stone Wall x15 |
| 13:09 | Ruli · wall_segment Stone Wall x1 |
| 13:35 | Cowabunga please · age_up feudal |
| 15:10 | 07jriley · first_market_buy 100 food |
| 15:11 | SupremeSEITAN · first_market_sell 100 wood |
| 15:18 | Macolar · first_building Barracks |
| 15:50 | Macolar · wall_segment Stone Wall x13 |
| 16:50 | 07jriley · wall_segment Palisade Wall x10 |
| 17:11 | Cowabunga please · first_building Barracks |
| 17:17 | Macolar · age_up castle |
| 17:34 | 07jriley · age_up castle |
| 17:37 | Macolar · first_building Monastery |
| 17:41 | Cowabunga please · age_up castle |
| 18:00 | Macolar · first_building Siege Workshop |
| 18:24 | paingerman · first_building Barracks |
| 18:31 | SupremeSEITAN · age_up castle |
| 18:31 | Cowabunga please · first_building Castle |
| 18:54 | Cowabunga please · wall_segment Palisade Wall x1 |
| 19:00 | Cowabunga please · wall_segment Palisade Wall x1 |
| 19:01 | Cowabunga please · wall_segment Palisade Wall x1 |
| 19:11 | Cowabunga please · wall_segment Palisade Wall x1 |
| 19:14 | Rad el Bárbaro · age_up castle |
| 20:48 | Cowabunga please · first_building Stable |
| 20:49 | Ruli · age_up castle |
| 21:19 | Ruli · first_market_buy 100 stone |
| 21:24 | SupremeSEITAN · first_building Castle |
| 21:27 | paingerman · wall_segment Palisade Wall x11 |
| 21:27 | Cowabunga please · first_building Siege Workshop |
| 21:30 | paingerman · wall_segment Palisade Wall x7 |
| 21:31 | paingerman · wall_segment Palisade Wall x1 |
| 22:30 | MrYukYuk · wall_segment Stone Wall x16 |
| 22:40 | 07jriley · first_building Monastery |
| 22:52 | paingerman · first_building Archery Range |
| 23:40 | paingerman · age_up castle |
| 23:50 | Ruli · first_building Barracks |
| 24:07 | MrYukYuk · age_up castle |
| 24:24 | 07jriley · first_building Castle |
| 24:36 | Rad el Bárbaro · first_building Siege Workshop |
| 24:45 | Rad el Bárbaro · wall_segment Palisade Wall x1 |
| 24:46 | Ruli · first_building Stable |
| 25:02 | Rad el Bárbaro · first_building Castle |
| 25:19 | Rad el Bárbaro · wall_segment Palisade Wall x3 |
| 25:29 | Rad el Bárbaro · wall_segment Palisade Wall x4 |
| 26:13 | Ruli · first_building Archery Range |
| 26:35 | 07jriley · first_building Barracks |
| 27:04 | MrYukYuk · first_market_sell 100 wood |
| 27:12 | 07jriley · first_building Siege Workshop |
| 27:21 | Ruli · first_building Castle |
| 28:07 | Rad el Bárbaro · first_building Monastery |
| 28:36 | Rad el Bárbaro · resign |
| 28:40 | Macolar · first_building Archery Range |
| 32:03 | Ruli · first_building Siege Workshop |
| 32:08 | SupremeSEITAN · first_building Barracks |
| 32:32 | SupremeSEITAN · first_market_buy 100 stone |
| 33:30 | Cowabunga please · age_up imperial |
| 33:54 | 07jriley · first_market_sell 100 wood |
| 36:03 | MrYukYuk · first_building Castle |
| 37:11 | 07jriley · age_up imperial |
[ AI ANALYSIS · 1 CREDIT ]
What really happened in this match?
Wolo.gg analyzes every decision: build order, eco, micro, common mistakes by bracket. Personalized analysis on WhatsApp or Discord in 30 seconds.
Civ guide
Japanese
Map guide
Glade
Perfil
07jriley